 Dungeon Crawl Stone Soup version 0.30-a0-913-g9934a0ce24 (webtiles) character file.

Game seed: 14887862886748024685

63 cheesebisquit the Chopper (level 3, 0/30 (33) HPs)
             Began as a Minotaur Berserker on Mar 19, 2023.
             Was a Believer of Trog.
             Slain by a gnoll
             ... wielding a +2 flail of draining
              (5 damage)
             ... on level 3 of the Dungeon.
             The game lasted 00:04:37 (1706 turns).

cheesebisquit the Chopper (Minotaur Berserker)      Turns: 1706, Time: 00:04:37

HP:   0/30 (33)     AC: 11    Str: 23    XL:     3   Next: 87%
MP:   2/2           EV: 12    Int:  4    God:    Trog [**....]
Gold: 82            SH:  0    Dex:  9    Spells: 2/2 levels left

rFire   . . .      SeeInvis .    a - +0 hand axe
rCold   + . .      Faith    .    (no shield)
rNeg    . . .      Spirit   .    c - +0 plate armour
rPois   .          Reflect  .    (helmet restricted)
rElec   .          Rampage  .    (no cloak)
rCorr   .                        (no gloves)
Will    ++...                    (no boots) Stlth
                                 (no amulet)
HPRegen 1.25/turn                e - +5 ring of evasion
MPRegen 0.08/turn                q - ring of protection from cold

@: strong-willed, regenerating, drained
A: horns 2, retaliatory headbutt
a: Renounce Religion, Berserk, Trog's Hand


You were on level 3 of the Dungeon.
You worshipped Trog.
Trog was pleased with you.
You visited 1 branch of the dungeon, and saw 3 of its levels.

You collected 82 gold pieces.

Inventory:

Hand Weapons
 a - a +0 hand axe (weapon)
Missiles
 b - 2 curare-tipped darts (quivered)
Armour
 c - a +0 plate armour (worn)
Jewellery
 e - a +5 ring of evasion (left hand)
 q - a ring of protection from cold (right hand)
Scrolls
 g - a scroll of teleportation {unknown}
 h - a scroll of enchant armour {unknown}
 i - a scroll of magic mapping {unknown}
 k - a scroll of vulnerability {unknown}
 l - 2 scrolls of identify {unknown}
 o - a scroll of amnesia {unknown}
Potions
 d - a potion of heal wounds {unknown}
 f - a potion of berserk rage {unknown}
 j - 3 potions of curing {unknown}
 m - a potion of flight {unknown}
 n - a potion of haste {unknown}
 p - a potion of cancellation {unknown}


   Skills:
 + Level 4.2 Fighting
 * Level 4.6 Axes
 + Level 3.1 Armour
 + Level 2.8 Dodging


You had 2 spell levels left.
You didn't know any spells.
Your spell library was empty.

Dungeon Overview and Level Annotations

Branches:
Dungeon (3/15)

Altars:


Innate Abilities, Weirdness & Mutations

You have a pair of horns on your head.
You reflexively headbutt those who attack you in melee.


Message History

A ball python comes into view.
The ball python hisses angrily.
You hit the ball python.
You kill the ball python!
Trog accepts your kill.
A gnoll comes into view. It is wielding a +2 flail of draining.
The gnoll shouts!
A gnoll comes into view. It is wielding a +0 club.
A gnoll comes into view. It is wielding a +0 spear.
A kobold comes into view. It is wielding a +0 dagger.
The gnoll shouts! x2; The kobold shouts!
The gnoll misses you.
The gnoll hits you from afar with a +0 spear.
You closely miss the gnoll.
The gnoll hits you with a +2 flail of draining!
You feel drained. The gnoll hits you but does no damage.
A shadow imp comes into view.
You slash the gnoll!
The gnoll is heavily wounded.
The gnoll misses you. The gnoll closely misses you.
You hit the gnoll but do no damage. Your headbutt misses the gnoll.
The gnoll is heavily wounded.
The gnoll closely misses you.
The gnoll hits you from afar with a +0 spear.
You completely miss the gnoll.
The gnoll is heavily wounded.
You barely miss the kobold. The kobold hits you but does no damage.
The gnoll hits you with a +2 flail of draining!
You feel drained. The gnoll misses you. The gnoll hits you but does no damage.
The gnoll hits you with a +2 flail of draining!
* * * LOW HITPOINT WARNING * * *
You feel drained.
* * * LOW HITPOINT WARNING * * *
The kobold hits you with a +0 dagger.
* * * LOW HITPOINT WARNING * * *
Your skin crawls.
You feel strong-willed. The kobold hits you but does no damage.
The gnoll hits you with a +2 flail of draining.
You die...

##################
.................#
#....†.......###.#
#.##########.# #.#
#.# #.# #.### #.#
#.# #...# #.# #.#
#...##### #.# #.#
#.K...... #.# #.#
#@#.##### #.###
#.# #g#.# #.#.#
#.# #g#.# #.#.#
5g... ....## # .
... . #>...###.#..
..... ...........
.#+#+ .........#
+## #.)..##.####.#


You could see 3 gnolls, a shadow imp and a kobold.

Vanquished Creatures
  2 adders (D:2)
  A worm (D:2)
  3 dart slugs
  An endoplasm (D:1)
  2 giant cockroaches (D:2)
  6 goblins
  3 hobgoblins
  3 quokkas
  2 ball pythons
  2 bats (D:1)
  3 frilled lizards
  5 kobolds
  3 rats
36 creatures vanquished.

Notes
Turn   | Place    | Note
-------+----------+-------------------------------------------
     0 | D:1      | cheesebisquit the Minotaur Berserker began the quest for
                  | the Orb.
     0 | D:1      | Reached XP level 1. HP: 19/19 MP: 0/0
     0 | D:1      | Noticed a demonspawn zombie
    11 | D:1      | Noticed a minotaur zombie
    15 | D:1      | Noticed a demonspawn zombie
   199 | D:1      | Reached XP level 2. HP: 27/27 MP: 1/1
   943 | D:2      | Found a faded altar of an unknown god.
  1073 | D:2      | Reached XP level 3. HP: 33/33 MP: 2/2
  1124 | D:2      | Reached ** piety under Trog
  1706 | D:3      | Slain by a gnoll

Illustrated notes

Levels and vault maps discovered:
D:1:      shiori_arrival_whats_in_store_for_you, layout_basic,
          chequers_serial_rivers_micro_b, minmay_pentomino_v2
D:2:      layout_loops_corners, chequers_ecumenical_altar_island,
          kennysheep_generic_room_16
D:3:      layout_basic, general_overflow_altar, minivault_24,
          kennysheep_generic_room_2, uniq_ijyb, uniq_robin

Skill      XL: |  1  2  3 |
---------------+----------+-----
Axes           | 4 |  4.6
Fighting       | 4 |  4.2
Armour         | 3 |  3.1
Dodging        | |  2.8

Action                     || total
---------------------------++-------
  Melee: Hand axe          ||    87
         Headbutt          ||     9
 Invoke: Trog's Hand       ||     1
 Armour: Plate armour      ||    42
  Dodge: Dodged            ||    58

Table legend: (Time is in decaauts)
 A = Elapsed time spent in this place.
 B = Non-inter-level travel time spent in this place.
 C = Inter-level travel time spent in this place.
 D = Time resting spent in this place.
 E = Time spent auto-exploring this place.
 F = Levels seen in this place.
 G = Mean time per level.
                   A        B        C        D        E       F      G
               +--------+--------+--------+--------+--------+-----+--------+
         Total |   1717 |   1634 |     83 |      0 |   1348 |   3 |  572.3 |
       Dungeon |   1717 |   1634 |     83 |      0 |   1348 |   3 |  572.3 |
               +--------+--------+--------+--------+--------+-----+--------+

Top non-repeatable levels by time:
     D:2: 822 daAuts
     D:1: 811 daAuts
     D:3: 83 daAuts
